 Dungeon Crawl Stone Soup version 0.23.2-33-g5129a83184 (webtiles) character file.

Game seed: 17246015028129204731

23 Aviak the Firebug (level 2, 0/13 HPs)
             Began as a Vine Stalker Fire Elementalist on July 13, 2019.
             Slain by a hobgoblin (2 damage)
             ... on level 1 of the Dungeon.
             The game lasted 00:02:26 (726 turns).

Aviak the Firebug (Vine Stalker Fire Elementalist)   Turns: 726, Time: 00:02:27

Health: 0/13       AC:  2    Str: 10    XL:     2   Next: 95%
Magic:  0/6        EV: 12    Int: 15    God:
Gold:   21         SH:  0    Dex: 14    Spells: 5/6 levels left

rFire    . . .     SeeInvis .   b - +0 dagger
rCold    . . .     Gourm    .   (no shield)
rNeg     . . .     Faith    .   a - +0 robe
rPois    .         Spirit   +   (no helmet)
rElec    .         Reflect  .   (no cloak)
rCorr    .         Harm     .   (no gloves)
MR       .....                  (no boots)
Stlth    ++........             (no amulet)
HPRegen  0.04/turn              (no ring)
MPRegen  0.10/turn              (no ring)

@: no status effects
A: fangs 2, magic shield, antimagic bite, no potion heal 3, rot immunity
a: no special abilities


You were on level 1 of the Dungeon.
You were not hungry.

You visited 1 branch of the dungeon, and saw 1 of its levels.

You collected 21 gold pieces.

Inventory:

Hand Weapons
 b - a +0 dagger (weapon)
Armour
 a - a +0 robe (worn)
Scrolls
 d - 2 scrolls of teleportation {unknown}
 e - a scroll of amnesia {unknown}
 h - 3 scrolls of fear {unknown}
Potions
 g - a potion of haste {unknown}
Comestibles
 c - a ration


   Skills:
 - Level 1.8 Dodging
 - Level 2.9 Stealth
 + Level 2.5 Spellcasting
 + Level 1.4 Conjurations
 + Level 3.2 Fire Magic


You had 5 spell levels left.
You knew the following spells:

 Your Spells              Type           Power        Failure   Level  Hunger
a - Flame Tongue          Conj/Fire      #....        9%          1    #......

Your spell library contained the following spells:

 Spells                   Type           Power        Failure   Level  Hunger
 Throw Flame              Conj/Fire      #.....       12%         2    ###....
 Conjure Flame            Conj/Fire      #.......     24%         3    ###....
 Inner Flame              Hex/Fire       #.......     32%         3    ###....
 Sticky Flame             Conj/Fire      #.......     63%         4    #####..
 Fireball                 Conj/Fire      #.........   92%         5    ######.


Dungeon Overview and Level Annotations

Branches:
Dungeon (1/15)

Altars:


Innate Abilities, Weirdness & Mutations

You have extremely sharp teeth.
When hurt, damage is shared between your health and your magic reserves.
Your bite disrupts and absorbs the magic of your enemies.
Potions cannot restore your health.
You are immune to rotting.


Message History

You hit the rat.
You kill the rat!
You hit the hobgoblin but do no damage.
The hobgoblin is heavily wounded.
The hobgoblin hits you.
* * * LOW HITPOINT WARNING * * *
You take 1 damage, and have 3/13 hp.
Casting: Flame Tongue (safe; 9% risk of failure)
Confirm with . or Enter, or press ? or * to list all spells.
Aiming: Flame Tongue (safe; 9% risk of failure)
Press: ? - help, Shift-Dir - straight line, f - hobgoblin
Aim: a hobgoblin (heavily wounded)
The flame tongue misses the hobgoblin.
The hobgoblin hits you.
* * * LOW HITPOINT WARNING * * *
You take 2 damage, and have 1/13 hp.
You now have 1/6 mp.
Unknown command.
You see here 4 stones.
There is an open door here.
The hobgoblin hits you.
You die...

####### #.....# ########
########.##.####......######
#>..........)..+......'.....
###.###+##....####......###...
####.........†##@###........##...
#.............##.g##.(.(÷...##...
#.....#.......###..'....(...###.#
#.....'.....#.# #..#.............
#.....#.....#.# ##.###+#####.....
#.....#.....#.# #..#......#.....
#######.....#.####..#......####.#
#.....#.......#......# #.#
#############.#......# #.#


You could see a hobgoblin.

Vanquished Creatures
  A leopard gecko (D:1)
  2 giant cockroaches (D:1)
  5 goblins (D:1)
  A hobgoblin (D:1)
  6 kobolds (D:1)
  A bat (D:1)
  3 rats (D:1)
19 creatures vanquished.

Notes
Turn   | Place    | Note
-------+----------+-------------------------------------------
     0 | D:1      | Aviak the Vine Stalker Fire Elementalist began the quest
                  | for the Orb.
     0 | D:1      | Reached XP level 1. HP: 9/9 MP: 4/4
   209 | D:1      | Reached XP level 2. HP: 10/13 MP: 4/6
   726 | D:1      | Slain by a hobgoblin

Action                   || total
-------------------------++-------
Melee: Dagger            ||    40
       Unarmed           ||     7
       Bite              ||     8
 Cast: Flame Tongue      ||    11
 Stab: Sleeping          ||     3
Armor: Robe              ||     5
Dodge: Dodged            ||    31
